AoeStats
← Daisy Duck

Arabia

505227494Analyzed
1v1 RM · 22d ago on Sep 8, 2026· 36m 7s· 2 players
Game mode
Random Map
Map size
Tiny (2 player)
Population
200
Speed
Normal
Resources
Standard
Victory
Conquest
Starting age
Dark Age
Ending age
Imperial Age
RankedLock teamsTeams togetherTeam positionsShared explorationLock speedFull tech treeHidden civsTurbo modeCheats
Victory
Defeat
🇹🇼 Magyars · Taiwan
1215
+36
🇨🇿 Vietnamese · Czechia
1228
-17
Daisy Duck
6:21 Loom
8:59 Feudal Age
9:35 Double-Bit Axe
12:48 Horse Collar
19:26 Wheelbarrow
19:54 Gold Mining
22:46 Castle Age
22:22 Scale Barding Armor
22:38 Bloodlines
23:56 Chain Barding Armor
23:58 Bow Saw
23:58 Husbandry
31:46 Gold Shaft Mining
32:20 Light Cavalry
35:36 Hand Cart
0Majeceto0
6:27 Loom
10:31 Feudal Age
13:28 Wheelbarrow
15:08 Town Watch
16:23 Horse Collar
18:31 Fletching
23:11 Castle Age
22:40 Padded Archer Armor
23:23 Crossbowman
24:07 Bodkin Arrow
24:09 Gold Mining
24:31 Forging
24:11 Double-Bit Axe
24:28 Heavy Plow
24:33 Pikeman
26:20 Scale Mail Armor
26:31 Forging
Connection lost

Rejoining the realm…

Still unreachable

The connection could not be restored.

Session expired

The server has moved on; the page needs a fresh start.